 Dungeon Crawl Stone Soup version 0.31-a0-845-g9abc20d24f (webtiles) character file.

Game seed: 8059389252907199468

129 Kurtz the Chopper (level 5, 36/36 HPs)
             Began as an Octopode Fighter on Oct 1, 2023.
             Quit the game on level 3 of the Dungeon.
             The game lasted 00:01:47 (2142 turns).

Kurtz the Chopper (Octopode Fighter)                Turns: 2142, Time: 00:01:48

Health: 36/36      AC:  1    Str: 17    XL:     5   Next: 12%
Magic:  5/5        EV: 13    Int: 11    God:
Gold:   99         SH:  5    Dex: 11    Spells: 4/4 levels left

rFire   . . .        a - +0 war axe
rCold   . . .        b - +1 buckler
rNeg    . . .        (helmet restricted)
rPois   .            (no amulet)
rElec   .            (no ring)
rCorr   .            (no ring)
SInv    .            (no ring)
Will    .....        (no ring)
Stlth   ++           (no ring)
HPRegen 0.26/turn    (no ring)
MPRegen 0.09/turn    (no ring)
                     (no ring)

%: no passive effects
@: no status effects
A: almost no armour, amphibious, 8 rings, camouflage 1, gelatinous body 1,
(nimble swimmer 1), tentacles
a: no special abilities


You were on level 3 of the Dungeon.
You visited 1 branch of the dungeon, and saw 3 of its levels.

You collected 99 gold pieces.

Inventory:

Hand Weapons
 a - a +0 war axe (weapon)
Missiles
 h - 3 poisoned darts
Armour
 b - a +1 buckler (worn)
Scrolls
 f - a scroll of amnesia
 g - a scroll of identify
 i - a scroll of enchant weapon
Potions
 c - a potion of might
 d - a potion of mutation {unknown}
 e - 3 potions of attraction {unknown}
 k - a potion of magic {unknown}
 l - a potion of ambrosia {unknown}
 m - a potion of haste {unknown}
 n - a potion of heal wounds {unknown}
 p - a potion of cancellation {unknown}


   Skills:
 - Level 3.0 Fighting
 * Level 5.1 Axes
 - Level 3.0 Dodging
 - Level 3.0 Shields


You had 4 spell levels left.
You didn't know any spells.
Your spell library contained the following spells:

 Spells                   Type           Power      Damage    Failure   Level
 Magic Dart               Conj           0%         1d3       41%         1
 Call Imp                 Summ           0%         N/A       56%         2
 Ensorcelled Hibernation  Hex/Ice        0%         N/A       56%         2
 Jinxbite                 Hex            0%         N/A       56%         2
 Mephitic Cloud           Conj/Pois/Air  0%         N/A       80%         3
 Anguish                  Hex/Necr       0%         N/A       99%         4


Dungeon Overview and Level Annotations

Branches:
Dungeon (3/15)

Altars:


Innate Abilities, Weirdness & Mutations

You cannot wear most types of armour.
You are amphibious.
You can wear up to eight rings at the same time.
Your skin changes colour to match your surroundings (Stealth+).
Your rubbery body absorbs attacks. (AC +1, EV +1)
((You are camouflaged when in or above water. (Stealth+)))
You have tentacles for arms and can constrict up to eight enemies at once.


Message History

There is a stone staircase leading up here.
You climb upwards.
There is a stone staircase leading down here.
You see here a +1 sling of draining.
There is a stone staircase leading down here.
You start resting.
HP restored.
You climb downwards.
You hear the sound of rushing water.
There is an entrance to a sewer on this level.
Hurry and find it before the portal rusts away!
You hear the rusting of a very distant drain.
There is a stone staircase leading up here.
As you read the scroll labelled JODYLE IDIEW, it crumbles to dust.
It is a scroll of identify.
f - a scroll of amnesia
As you read the scroll of identify, it crumbles to dust.
i - a scroll of enchant weapon The air fills with toxic fumes!
As you read the scroll labelled ACAWNI FEZUMM, it crumbles to dust.
It was a scroll of poison.
As you read the scroll labelled HIEQIA OKAYMIE, it crumbles to dust.
It is a scroll of enchant armour.
Your +0 buckler glows green for a moment.
Blink to where?
Press: ? - help, Dir - move target, f - you
Okay, then.
As you read the scroll labelled NACLOZ XEVINI, it crumbles to dust.
It was a scroll of blinking.
As you read the scroll labelled PESEVIBASO, it dissolves into smoke.
It was a scroll of fog.
Unknown command.
You start waiting.
You hear the brisk rusting of a very distant drain.
You see here a +0 dagger.
You see here a ball python skeleton.
g - a scroll of identify
Found a stone staircase leading down.
You hear the brisk rusting of a very distant drain.
An adder comes into view. x2
Are you sure you want to abandon this character and quit the game? (Confirm with "yes".)

.....|#
......#
####..# .#
# ##
...#######
..
.S.....@>#
##
...#####.#
#.# #.#
#.# #.#
#.# #.# ##
#.#


You could see an adder (asleep).

Vanquished Creatures
  2 adders (D:3)
  2 gnolls (D:1)
  3 worms (D:2)
  2 dart slugs
  6 orcs (D:3)
  8 endoplasms
  5 giant cockroaches
  7 goblins
  3 hobgoblins (D:1)
  5 jackals
  6 ball pythons
  6 bats
  7 frilled lizards
  4 kobolds (D:1)
  3 rats
69 creatures vanquished.

Notes
Turn   | Place    | Note
-------+----------+-------------------------------------------
     0 | D:1      | Kurtz the Octopode Fighter began the quest for the Orb.
     0 | D:1      | Reached XP level 1. HP: 16/16 MP: 1/1
    46 | D:1      | Reached XP level 2. HP: 21/21 MP: 2/2
    78 | D:1      | Reached skill level 3 in Axes
   123 | D:1      | Reached XP level 3. HP: 25/26 MP: 3/3
   530 | D:1      | Reached skill level 4 in Axes
   710 | D:1      | Reached XP level 4. HP: 30/31 MP: 4/4
  1897 | D:3      | Reached skill level 5 in Axes
  1897 | D:3      | Reached XP level 5. HP: 20/36 MP: 5/5
  2142 | D:3      | Quit the game

Illustrated notes

Levels and vault maps discovered:
D:1:      onia_arrival_pyramid, layout_basic
D:2:      layout_basic
D:3:      layout_basic, portal_sewer_entry_e

Skill      XL: |  1  2  3  4 |
---------------+-------------+-----
Axes           | 3 4 5 |  5.1
Fighting       | |  3.0
Dodging        | |  3.0
Shields        | |  3.0

Action                     |  1- 3 |  4- 6 || total
---------------------------+-------+-------++-------
  Melee: War axe           |    56 |    64 ||   120
         Constrict         |    15 |    16 ||    31
         Tentacles         |    12 |     7 ||    19
    Use: Scroll            |       |     6 ||     6
   Stab: Sleeping          |     3 |     3 ||     6
 Armour: Skin              |    15 |    19 ||    34
  Dodge: Dodged            |    29 |    32 ||    61
  Block: Buckler           |    14 |    22 ||    36

Table legend: (Time is in decaauts)
 A = Elapsed time spent in this place.
 B = Non-inter-level travel time spent in this place.
 C = Inter-level travel time spent in this place.
 D = Time resting spent in this place.
 E = Time spent auto-exploring this place.
 F = Levels seen in this place.
 G = Mean time per level.
                   A        B        C        D        E       F      G
               +--------+--------+--------+--------+--------+-----+--------+
         Total |   2184 |   2096 |     88 |     95 |   1549 |   3 |  728.0 |
       Dungeon |   2184 |   2096 |     88 |     95 |   1549 |   3 |  728.0 |
               +--------+--------+--------+--------+--------+-----+--------+

Top non-repeatable levels by time:
     D:1: 976 daAuts
     D:2: 918 daAuts
     D:3: 289 daAuts
